 Dungeon Crawl Stone Soup version 0.22.1-1-ga44c0e56f4 (webtiles) character file.

5838 Jukra the Magician (level 10, -6/79 HPs)
             Began as a Gnoll Skald on Sept 23, 2018.
             Was a Follower of Vehumet.
             Killed by divine providence
             ... invoked by an orc priest
              (9 damage)
             ... on level 9 of the Dungeon.
             The game lasted 00:38:21 (6895 turns).

Jukra the Magician (Gnoll Skald)                    Turns: 6895, Time: 00:38:23

Health: -6/79      AC: 10    Str: 19    XL:     10   Next: 80%
Magic:  7/12       EV: 20    Int: 19    God:    Vehumet [*.....]
Gold:   392        SH:  0    Dex: 14    Spells: 7/24 levels left

rFire    . . .     SeeInvis +   J - +1 falchion of Ysirghogh {vamp, MP-9 Dex+4} (curse)
rCold    . . .     Gourm    .   (no shield)
rNeg     + . .     Faith    .   E - +0 scale mail of the Mackerel {Str+3 Int+2 Dex-4 SInv}
rPois    .         Spirit   .   (no helmet)
rElec    .         Reflect  .   (no cloak)
rCorr    .         Harm     .   (no gloves)
MR       .....                  D - +2 pair of boots
Stlth    ++........             (no amulet)
HPRegen  0.23/turn              n - +6 ring of evasion
MPRegen  0.13/turn              z - ring of positive energy

@: no status effects
A: distributed training, fangs 1, strong nose
a: Renounce Religion


You were on level 9 of the Dungeon.
You worshipped Vehumet.
Vehumet was aware of your devotion.
You were hungry.

You visited 2 branches of the dungeon, and saw 9 of its levels.

You collected 392 gold pieces.

Inventory:

Hand Weapons
 a - a +1 hand axe
 f - a +2 hunting sling of freezing
 u - a +1 flail of venom
 y - a cursed -1 dagger
 B - a +0 shortbow of velocity
 J - the cursed +1 falchion of Ysirghogh (weapon) {vamp, MP-9 Dex+4}
   (You found it on level 8 of the Dungeon)

   It inflicts no extra harm, but heals its wielder when it wounds a living foe.
   It affects your dexterity (+4).
   It affects your magic capacity (-9).
   It has a curse placed upon it.
 K - a +1 scimitar of flaming
Missiles
 C - 60 arrows
Armour
 b - a +0 leather armour
 k - a +0 scale mail
 r - a +0 leather armour
 v - a +0 chain mail
 w - the +5 ring mail "Gewoh" {rF++ Str-4 Dex+2}
   (You found it on level 4 of the Dungeon)

   It affects your strength (-4).
   It affects your dexterity (+2).
   It greatly protects you from fire.
 x - a +2 shield
 D - a +2 pair of boots (worn)
 E - the +0 scale mail of the Mackerel (worn) {Str+3 Int+2 Dex-4 SInv}
   (You found it on level 7 of the Dungeon)

   It affects your strength (+3).
   It affects your intelligence (+2).
   It affects your dexterity (-4).
   It lets you see invisible.
 L - a +0 cloak
 M - a +1 robe of magic resistance
Jewellery
 n - a +6 ring of evasion (left hand)
 z - a ring of positive energy (right hand)
Wands
 c - a wand of flame (36)
 G - a wand of random effects (25)
Scrolls
 e - 8 scrolls of identify
 g - a scroll of fog {unknown}
 i - 3 scrolls of amnesia {unknown}
 j - 7 scrolls of teleportation {unknown}
 m - a scroll of random uselessness {unknown}
 q - 3 scrolls of fear {unknown}
 s - 2 scrolls of enchant armour {unknown}
 F - 2 scrolls of noise {unknown}
 H - 2 scrolls of enchant weapon
 I - a scroll of immolation {unknown}
 N - a scroll of remove curse
Potions
 h - a potion of might
 l - 3 potions of invisibility {unknown}
 o - a potion of cancellation {unknown}
 p - a potion of lignification {unknown}
 t - a potion of haste {unknown}
 A - a potion of heal wounds {unknown}
Comestibles
 d - 7 rations


   Skills:
 + Level 7.2 Fighting
 + Level 5.5 Short Blades
 + Level 5.5 Long Blades
 + Level 7.2 Axes
 + Level 5.5 Maces & Flails
 + Level 5.5 Polearms
 + Level 5.5 Staves
 + Level 5.5 Slings
 + Level 5.5 Bows
 + Level 5.5 Crossbows
 + Level 5.5 Throwing
 + Level 6.1 Armour
 + Level 7.2 Dodging
 + Level 5.5 Stealth
 + Level 5.5 Shields
 + Level 5.5 Unarmed Combat
 + Level 7.5 Spellcasting
 + Level 4.5 Conjurations
 + Level 4.5 Hexes
 + Level 7.2 Charms
 + Level 4.5 Summonings
 + Level 4.5 Necromancy
 + Level 4.5 Translocations
 + Level 4.5 Transmutations
 + Level 4.5 Fire Magic
 + Level 4.5 Ice Magic
 + Level 4.5 Air Magic
 + Level 4.5 Earth Magic
 + Level 4.5 Poison Magic
   Level 6.0 Invocations
 + Level 5.5 Evocations


You had 7 spell levels left.
You knew the following spells:

 Your Spells              Type           Power        Failure   Level  Hunger
a - Infusion              Chrm           ####         1%          1    None
b - Regeneration          Chrm/Necr      ####......   7%          3    #......
c - Spectral Weapon       Hex/Chrm       ####....     7%          3    #......
d - Song of Slaying       Chrm           ####....     1%          2    None
e - Blink                 Tloc           N/A          6%          2    None
f - Conjure Flame         Conj/Fire      ###.....     12%         3    #......
g - Gell's Gravitas       Tloc           ###.......   12%         3    #......

Your spell library contained the following spells:

 Spells                   Type           Power        Failure   Level  Hunger
 Flame Tongue             Conj/Fire      ###..        4%          1    None
 Shroud of Golubria       Chrm/Tloc      ####......   3%          2    None
 Confusing Touch          Hex            ###...       4%          1    None
 Magic Dart               Conj           ###.         4%          1    None
 Call Imp                 Summ           ###.....     6%          2    None
 Slow                     Hex            ###.....     6%          2    None
 Confuse                  Hex            ###.....     12%         3    #......
 Mephitic Cloud           Conj/Pois/Air  ###.....     12%         3    #......
 Petrify                  Tmut/Erth      ###.....     36%         4    ###....
 Metabolic Englaciation   Hex/Ice        ###.......   73%         5    #####..
 Yara's Violent Unravell  Hex/Tmut       ###.......   73%         5    #####..


Dungeon Overview and Level Annotations

Branches:
Dungeon (9/15)             Temple (1/1) D:4
   Lair: D:8-11         Orc: D:9-12

Altars:
Ashenzari
Cheibriados
Dithmenos
Elyvilon
Fedhas
Gozag
Hepliaklqana
Kikubaaqudgha
Makhleb
Okawaru
Qazlal
Sif Muna
Trog
Uskayaw
Vehumet
Wu Jian
Xom
Yredelemnul
Zin
The Shining One


Innate Abilities, Weirdness & Mutations

Your experience applies equally to all skills.
You have very sharp teeth.
Your uncanny sense of smell can sniff out nearby items.


Message History

You bite the two-headed ogre, but do no damage.
The two-headed ogre is severely wounded.
The two-headed ogre misses you.
You riposte.
You barely miss the two-headed ogre.
The two-headed ogre is severely wounded.
The two-headed ogre closely misses you.
You hit the two-headed ogre.
The two-headed ogre is almost dead.
Your skin stops crawling.
The two-headed ogre hits you with a giant club.
* * * LOW HITPOINT WARNING * * *
The two-headed ogre misses you.
Unknown command.
You slash the two-headed ogre!
You kill the two-headed ogre!
Vehumet accepts your kill.
Your Invocations skill increases to level 6!
The orc priest invokes the aid of Beogh against you.
Beogh smites you!
You die...

............... #.##..#
##..........#######.########
............#.......#......#
#....)..$..#.......#......#
..##........#.......'......#
#........#.......#......#
#.......o#......)#......# ∆
#......J)#'####..########
##+######@....#### #.....#
#.....# #.....# #.....#
####.... ..... .....


You could see a jelly and an orc priest.

Vanquished Creatures
  Erica (D:8)
  3 two-headed ogres
  Pikel (D:8)
  Joseph (D:8)
  Maurice (D:8)
  Sigmund (D:4)
  A wyvern (D:8)
  Menkaure (D:4)
  Edmund (D:4)
  An orc warrior (D:8)
  An ice beast (D:8)
  A sky beast (D:7)
  A slave (D:8)
  3 ogres
  2 centaurs
  3 bullfrogs
  2 gnoll sergeants
  A crimson imp (D:7)
  2 orc wizards (D:8)
  3 hounds
  A jelly (D:8)
  An iguana (D:8)
  Terence (D:2)
  5 worker ants
  2 hound zombies
  A hound skeleton (D:8)
  7 gnolls
  5 adders
  An ooze (D:3)
  2 dart slugs (D:1)
  2 leopard geckos
  16 orcs
  2 giant cockroaches
  5 hobgoblins
  8 jackals
  6 kobolds
  5 quokkas
  8 bats
  2 frilled lizards
  8 goblins
  2 rats
121 creatures vanquished.

Vanquished Creatures (others)
  2 slaves (D:8)
  An orc wizard (D:8)
  A leopard gecko (D:8)
  2 orcs (D:8)
  A quokka (D:8)
  3 spectral weapons
10 creatures vanquished.

Grand Total: 131 creatures vanquished

Notes
Turn   | Place    | Note
-------+----------+-------------------------------------------
     0 | D:1      | Jukra the Gnoll Skald began the quest for the Orb.
     0 | D:1      | Reached XP level 1. HP: 20/20 MP: 6/6
    40 | D:1      | Reached XP level 2. HP: 26/26 MP: 0/7
   494 | D:1      | Reached XP level 3. HP: 31/31 MP: 9/9
   697 | D:1      | Reached skill level 5 in Spellcasting
   965 | D:2      | Noticed Terence
   987 | D:2      | Killed Terence
   987 | D:2      | Reached skill level 1 in Invocations
  1023 | D:2      | Reached skill level 1 in Short Blades
  1023 | D:2      | Reached skill level 1 in Long Blades
  1023 | D:2      | Reached skill level 1 in Maces & Flails
  1023 | D:2      | Reached skill level 1 in Polearms
  1023 | D:2      | Reached skill level 1 in Staves
  1023 | D:2      | Reached skill level 1 in Slings
  1023 | D:2      | Reached skill level 1 in Bows
  1023 | D:2      | Reached skill level 1 in Crossbows
  1023 | D:2      | Reached skill level 1 in Throwing
  1023 | D:2      | Reached skill level 1 in Stealth
  1023 | D:2      | Reached skill level 1 in Shields
  1023 | D:2      | Reached skill level 1 in Unarmed Combat
  1023 | D:2      | Reached skill level 1 in Evocations
  1271 | D:2      | Found a bloodstained altar of Trog.
  1644 | D:2      | Found a hide-covered altar of Uskayaw.
  1645 | D:2      | Found a glowing golden altar of the Shining One.
  1653 | D:2      | Became a worshipper of the Shining One
  1724 | D:3      | Reached XP level 4. HP: 38/38 MP: 11/11
  1897 | D:3      | Learned a level 3 spell: Regeneration
  1901 | D:3      | Learned a level 3 spell: Spectral Weapon
  1904 | D:3      | Learned a level 2 spell: Song of Slaying
  1907 | D:3      | Learned a level 2 spell: Blink
  2072 | D:3      | Found a faded altar of an unknown god.
  2255 | D:3      | Reached skill level 1 in Conjurations
  2255 | D:3      | Reached skill level 1 in Hexes
  2255 | D:3      | Reached skill level 1 in Summonings
  2255 | D:3      | Reached skill level 1 in Necromancy
  2255 | D:3      | Reached skill level 1 in Translocations
  2255 | D:3      | Reached skill level 1 in Transmutations
  2255 | D:3      | Reached skill level 1 in Fire Magic
  2255 | D:3      | Reached skill level 1 in Ice Magic
  2255 | D:3      | Reached skill level 1 in Air Magic
  2255 | D:3      | Reached skill level 1 in Earth Magic
  2255 | D:3      | Reached skill level 1 in Poison Magic
  2382 | D:4      | Reached XP level 5. HP: 37/43 MP: 12/12
  2454 | D:4      | Noticed Menkaure
  2457 | D:4      | Was placed under penance by the Shining One
  2462 | D:4      | Killed Menkaure
  2462 | D:4      | Reached XP level 6. HP: 13/50 MP: 7/13
  2690 | D:4      | Noticed Sigmund
  2714 | D:4      | Killed Sigmund
  2714 | D:4      | Reached skill level 5 in Fighting
  2714 | D:4      | Reached skill level 5 in Axes
  2714 | D:4      | Reached skill level 5 in Dodging
  3006 | D:4      | Learned a level 3 spell: Conjure Flame
  3037 | D:4      | Reached XP level 7. HP: 49/56 MP: 15/15
  3042 | D:4      | Noticed Edmund
  3055 | D:4      | Killed Edmund
  3313 | D:4      | Found a staircase to the Ecumenical Temple.
  3495 | Temple   | Entered the Ecumenical Temple
  3597 | Temple   | Fell from the grace of the Shining One
  3597 | Temple   | Became a worshipper of Vehumet
  3842 | D:4      | Got a steaming ring mail
  3854 | D:4      | Identified the +5 ring mail "Gewoh" {rF++ Str-4 Dex+2} (You
                  | found it on level 4 of the Dungeon)
  3906 | D:4      | Found a shadowy altar of Dithmenos.
  4072 | D:5      | Entered Level 5 of the Dungeon
  4099 | D:5      | You fall through a shaft for 2 floors!
  4365 | D:7      | Got a warped scale mail
  4376 | D:7      | Identified the cursed +0 scale mail of the Mackerel {Str+3
                  | Int+2 Dex-4 SInv} (You found it on level 7 of the Dungeon)
  4531 | D:7      | Reached XP level 8. HP: 63/63 MP: 16/16
  5236 | D:8      | Learned a level 3 spell: Gell's Gravitas
  5247 | D:8      | Noticed Pikel
  5264 | D:8      | Killed Pikel
  5264 | D:8      | Reached XP level 9. HP: 31/69 MP: 13/18
  5822 | D:8      | Noticed a two-headed ogre
  5829 | D:8      | Killed a two-headed ogre
  5829 | D:8      | Reached skill level 5 in Armour
  5873 | D:8      | Noticed Erica
  5882 | D:8      | Killed Erica
  5882 | D:8      | Reached skill level 5 in Invocations
  5882 | D:8      | Reached XP level 10. HP: 41/77 MP: 17/20
  5934 | D:8      | Noticed a two-headed ogre
  5945 | D:8      | Killed a two-headed ogre
  5945 | D:8      | Reached * piety under Vehumet
  5945 | D:8      | Offered knowledge of Flame Tongue by Vehumet.
  5945 | D:8      | Reached skill level 5 in Short Blades
  5945 | D:8      | Reached skill level 5 in Long Blades
  5945 | D:8      | Reached skill level 5 in Maces & Flails
  5945 | D:8      | Reached skill level 5 in Polearms
  5945 | D:8      | Reached skill level 5 in Staves
  5945 | D:8      | Reached skill level 5 in Slings
  5945 | D:8      | Reached skill level 5 in Bows
  5945 | D:8      | Reached skill level 5 in Crossbows
  5945 | D:8      | Reached skill level 5 in Throwing
  5945 | D:8      | Reached skill level 5 in Stealth
  5945 | D:8      | Reached skill level 5 in Shields
  5945 | D:8      | Reached skill level 5 in Unarmed Combat
  5945 | D:8      | Reached skill level 5 in Evocations
  6245 | D:8      | Found a shattered altar of Ashenzari.
  6253 | D:8      | Got an ancient falchion
  6257 | D:8      | Identified the cursed +1 falchion of Ysirghogh {vamp, MP-9
                  | Dex+4} (You found it on level 8 of the Dungeon)
  6288 | D:8      | Noticed Maurice
  6315 | D:8      | Killed Maurice
  6478 | D:8      | Noticed Joseph
  6494 | D:8      | Killed Joseph
  6867 | D:9      | Noticed a two-headed ogre
  6894 | D:9      | HP: 3/79 [two-headed ogre/giant club (2)]
  6895 | D:9      | Killed a two-headed ogre
  6895 | D:9      | Killed from afar by an orc priest

Skill      XL: |  1  2  3  4  5  6  7  8  9 10 |
---------------+-------------------------------+-----
Spellcasting   | 5 6 7 |  7.5
Invocations    | 1 2 3 4 5 6 |  6.0
Short Blades   | 1 2 3 4 5 |  5.5
Long Blades    | 1 2 3 4 5 |  5.5
Maces & Flails | 1 2 3 4 5 |  5.5
Polearms       | 1 2 3 4 5 |  5.5
Staves         | 1 2 3 4 5 |  5.5
Slings         | 1 2 3 4 5 |  5.5
Bows           | 1 2 3 4 5 |  5.5
Crossbows      | 1 2 3 4 5 |  5.5
Throwing       | 1 2 3 4 5 |  5.5
Stealth        | 1 2 3 4 5 |  5.5
Shields        | 1 2 3 4 5 |  5.5
Unarmed Combat | 1 2 3 4 5 |  5.5
Evocations     | 1 2 3 4 5 |  5.5
Conjurations   | 1 2 3 4 |  4.5
Hexes          | 1 2 3 4 |  4.5
Summonings     | 1 2 3 4 |  4.5
Necromancy     | 1 2 3 4 |  4.5
Translocations | 1 2 3 4 |  4.5
Transmutations | 1 2 3 4 |  4.5
Fire Magic     | 1 2 3 4 |  4.5
Ice Magic      | 1 2 3 4 |  4.5
Air Magic      | 1 2 3 4 |  4.5
Earth Magic    | 1 2 3 4 |  4.5
Poison Magic   | 1 2 3 4 |  4.5
Armour         | 3 4 5 6 |  6.1
Fighting       | 5 6 7 |  7.2
Axes           | 5 6 7 |  7.2
Dodging        | 5 6 7 |  7.2
Charms         | 6 7 |  7.2

Action                   |  1- 3 |  4- 6 |  7- 9 | 10-12 || total
-------------------------+-------+-------+-------+-------++-------
Melee: Hand axe          |    86 |   105 |    12 |       ||   203
       Bite              |    10 |    13 |    30 |    14 ||    67
       Flail             |       |       |   201 |       ||   201
       Punch             |       |       |     2 |     2 ||     4
       Falchion          |       |       |       |    90 ||    90
       Scimitar          |       |       |       |    11 ||    11
 Cast: Infusion          |     4 |     1 |       |       ||     5
       Spectral Weapon   |       |     4 |     6 |     5 ||    15
       Regeneration      |       |     1 |       |     1 ||     2
       Conjure Flame     |       |     1 |       |       ||     1
       Gell's Gravitas   |       |       |     2 |       ||     2
  Use: Scroll            |     3 |       |     2 |       ||     5
       Potion            |       |       |     1 |       ||     1
 Stab: Sleeping          |     1 |       |       |     2 ||     3
       Distracted        |       |       |       |     2 ||     2
  Eat: Ration            |     1 |     1 |     2 |     2 ||     6
       Chunk             |     1 |       |     2 |     1 ||     4
Armor: Leather armour    |    14 |     8 |     5 |       ||    27
       Scale mail        |     5 |     6 |    49 |    16 ||    76
       Chain mail        |       |       |    21 |       ||    21
Dodge: Dodged            |    56 |    96 |   251 |    75 ||   478
       Rpst.: Falchion   |       |       |       |    18 ||    18
       Scimitar          |       |       |       |     1 ||     1
